 Dungeon Crawl Stone Soup version 0.30-a0-371-gad7725a93e (webtiles) character file.

Game seed: 291544075798732266

9608 Shayle the Fighter (level 11, -5/110 HPs)
             Began as a Naga Reaver on Nov 21, 2022.
             Was a Follower of Ashenzari.
             Killed from afar by a catoblepas (6 damage)
             ... with a blast of calcifying dust
             ... on level 1 of the Lair of Beasts.
             The game lasted 00:46:09 (11774 turns).

Shayle the Fighter (Naga Reaver)                   Turns: 11774, Time: 00:46:09

Health: -5/110     AC: 17    Str: 14    XL:     11   Next: 49%
Magic:  8/14       EV:  9    Int: 18    God:    Ashenzari [*.....]
Gold:   264        SH: 13    Dex: 13    Spells: 3/15 levels left

rFire   + . .      SeeInvis +    a - +3 quick blade (flame)
rCold   + + .      Faith    .    e - +2 kite shield
rNeg    . . .      Spirit   .    k - +2 leather armour {rC+ rF+}
rPois   +          Reflect  .    o - +1 helmet
rElec   .          Harm     .    j - +2 cloak of Supernal Knowledge {Alch, Bglg} (curse)
rCorr   .          Rampage  .    y - +0 pair of gloves {Dex+3}
Will    +....                    (no barding)
Stlth   +.........               f - amulet of the acrobat
HPRegen 0.38/turn                B - +4 ring of protection
MPRegen 0.14/turn                F - ring of the Visionary Planets {rC+, Fort, Bglg} (curse)

@: short of breath, on berserk cooldown, very slightly contaminated, slowed,
very slow
A: AC +3, large, see invisible, deformed body, poison resistance, slowness 2,
spit poison 1, naga tail 1
a: Spit Poison, Renounce Religion, Curse Item, Shatter the Chains


You were on level 1 of the Lair of Beasts.
You worshipped Ashenzari.
Ashenzari was aware of your devotion.
You visited 3 branches of the dungeon, and saw 11 of its levels.
You also visited: Ice Cave.

You collected 840 gold pieces.
You spent 576 gold pieces at shops.

Inventory:

Hand Weapons
 a - a +3 quick blade of flaming (weapon)
 v - a +2 hammer of draining
 H - a +4 scimitar of flaming
Missiles
 A - a throwing net
Armour
 e - a +2 kite shield (worn)
 j - the cursed +2 cloak of Supernal Knowledge (worn) {Alch, Bglg}
   (You found it on level 2 of the Dungeon)

   It has a curse which improves the following skills: Alchemy: Poison Magic and
   Transmutations.
   Beguiling: Conjurations, Hexes and Translocations.
 k - a +2 leather armour of resistance (worn)
 o - a +1 helmet (worn)
 y - a +0 pair of gloves of dexterity (worn)
 E - the +2 pair of gloves of the Game of Kings {rF+ Will- SInv}
   (You found it on level 8 of the Dungeon)

   rF:        It protects you from fire.
   SInv:      It lets you see invisible.
   Will:      It decreases your willpower.
Jewellery
 c - a +4 ring of evasion
 d - an amulet of guardian spirit
 f - an amulet of the acrobat (around neck)
 h - a +6 ring of dexterity
 m - a +6 ring of strength
 z - the ring of Cujoetuz {rN+ Str+5}
   (You found it in an ice cave)

   [ring of positive energy]

   Str:       It affects your strength (+5).
   rN:        It protects you from negative energy.
 B - a +4 ring of protection (left hand)
 F - the cursed ring of the Visionary Planets (right hand) {rC+, Fort, Bglg}
   (You took it off an orc on level 8 of the Dungeon)

   [ring of protection from cold]

   rC:        It protects you from cold.
   It has a curse which improves the following skills: Fortitude: Armour and
   Shields.
   Beguiling: Conjurations, Hexes and Translocations.
 I - the brooch of Shielding {Spirit SH+8}
   (You found it in an ice cave)

   [amulet of guardian spirit]

   It causes incoming damage to be divided between your reserves of health and
   magic.
   SH:        It affects your SH (+8).
 J - an amulet of magic regeneration
 K - a ring of positive energy
Scrolls
 g - 3 scrolls of blinking
 p - 2 scrolls of teleportation
 r - 2 scrolls of fear
 s - a scroll of immolation
 u - 2 scrolls of magic mapping
Potions
 b - a potion of flight
 i - 4 potions of mutation
 l - 3 potions of cancellation
 q - 4 potions of lignification
 t - 5 potions of attraction
 w - a potion of brilliance
 C - a potion of haste
 D - a potion of ambrosia


   Skills:
 + Level 10.3 Fighting
 - Level 3.0 Axes
 + Level 2.3(3.0) Armour
 - Level 2.6 Dodging
 + Level 8.8(9.6) Shields
 + Level 2.6 Spellcasting
 + Level 5.3(6.6) Conjurations
 + Level 4.1(4.9) Transmutations
 - Level 6.5 Ice Magic
 + Level 3.2 Air Magic
 - Level 3.0(3.7) Poison Magic


You had 3 spell levels left.
You knew the following spells:

 Your Spells              Type           Power      Damage    Failure   Level
a - Kiss of Death         Conj/Necr      56%        2d9       11%         1
b - Hailstorm             Conj/Ice       25%        3d7       9%          3
c - Frozen Ramparts       Ice            50%        1d8       9%          3
d - Arcjolt               Conj/Air       10%        1d20      83%         5

Your spell library contained the following spells:

 Spells                   Type           Power      Damage    Failure   Level
 Wereblood                Tmut           20%        N/A       8%          2
 Momentum Strike          Conj/Tloc      28%        3d8       16%         2
 Cigotuvi's Dreadful Rot  Necr/Pois/Air  20%        N/A       24%         2
 Sublimation of Blood     Necr           2%         N/A       52%         2
 Vhi's Electric Charge    Tloc/Air       16%        N/A       52%         3
 Inner Flame              Hex/Fire       2%         N/A       75%         3
 Portal Projectile        Hex/Tloc       4%         N/A       75%         3
 Call Canine Familiar     Summ           2%         N/A       77%         3
 Ice Form                 Ice/Tmut       23%        N/A       36%         4
 Summon Ice Beast         Ice/Summ       14%        N/A       71%         4
 Cause Fear               Hex            1%         N/A       98%         4
 Leda's Liquefaction      Hex/Erth       1%         N/A       98%         4
 Dispel Undead            Necr           2%         3d7       99%         4
 Death Channel            Necr           1%         N/A       100%        6
 Simulacrum               Ice/Necr       7%         N/A       100%        6
 Summon Hydra             Summ           1%         N/A       100%        7
 Discord                  Hex            1%         N/A       100%        8
 Maxwell's Capacitive Co  Air            6%         ∞         100%        8


Dungeon Overview and Level Annotations

Branches:
Dungeon (9/15)             Temple (1/1) D:4            Lair (1/5) D:9
  IceCv (visited)
    Orc: D:9-12

Altars:
Ashenzari
Cheibriados
Dithmenos
Elyvilon
Fedhas
Gozag
Hepliaklqana
Kikubaaqudgha
Makhleb
Nemelex Xobeh
Okawaru
Qazlal
Ru
Sif Muna
Trog
Uskayaw
Vehumet
Wu Jian
Xom
Yredelemnul
Zin
The Shining One

Shops:
D:5 (?[   D:6 *   D:9 [(*

Annotations:
D:3 2 transporters, qeuew's ghost, amateur TeHu
D:4 3 runed translucent doors, Pooter's ghost, amateur MiBe; Shayle's ghost, amateur NaRe; benadryl's ghost, amateur TrFi
D:5 2 runed translucent doors, Crazy Yiuf; MAFIAMEASN's ghost, amateur SpBr
D:7 Prince Ribbit
D:9 Erolcha
Lair:1 2 transporters, Gilleps's ghost, journeyman GrWn


Innate Abilities, Weirdness & Mutations

Your serpentine skin is tough. (AC +3)
You have supernaturally acute eyesight. (SInv)
Armour fits poorly on your strangely shaped body.
Your system is resistant to poisons. (rPois)
You cover ground very slowly.
You can spit poison.
You have a snake-like lower body.


Message History

A cannonade of hail descends around you!
The hail pelts the catoblepas but does no damage.
The catoblepas is heavily wounded.
Unknown command.
Casting: Hailstorm (mildly dangerous; 9% risk of failure)
Confirm with . or Enter, or press ? or * to list all spells.
Casting: Hailstorm (mildly dangerous; 9% risk of failure)
Press: ? - help, Dir - look around, f - activate A cannonade of hail descends around you!
The hail pelts the catoblepas!
The catoblepas is severely wounded.
The catoblepas breathes a plume of calcifying dust at you.
The blast of calcifying dust hits you but does no damage.
The catoblepas barely misses you.
You puncture the catoblepas! You burn the catoblepas.
The catoblepas is almost dead.
You block the catoblepas's attack.
Unknown command.
Aiming: Spit Poison (1% risk of failure)
Press: ? - help, Shift-Dir - straight line, f - catoblepas
Aim: a catoblepas (almost dead, 100% to hit)
The splash of poison hits the catoblepas!
The catoblepas is poisoned.
The catoblepas is almost dead.
You feel a little less mighty now. The catoblepas gores you!
* * * LOW HITPOINT WARNING * * *
Unknown command.
Casting: Hailstorm (mildly dangerous; 9% risk of failure)
Confirm with . or Enter, or press ? or * to list all spells.
Aiming: Kiss of Death (safe; 11% risk of failure)
Press: ? - help, Shift-Dir - straight line, f/p - catoblepas
Aim: a catoblepas (almost dead, poisoned, 100% to hit)
You miscast Kiss of Death.
You are very lightly contaminated with residual magic.
Nothing appears to happen.
The catoblepas gores you!!
* * * LOW HITPOINT WARNING * * *
The catoblepas breathes a plume of calcifying dust at you.
The blast of calcifying dust hits you.
You die...

.......# ##.~~~≈≈≈≈.......#
......# #...≈≈~≈....##..##
......##########...~~≈.....##...#
..............P....P~#......##...
.......$............##.....####..
......................P...##.....
......##.......>.......:........)
......#........§.....§......?....
......§........Y@................
....................#.....#......
..................####....÷####..
.............##...###......###.÷.
.......###.#####...........##....
......P# ######....♣.♣..........#
.......## #...♣.~.~.~........##
#.......## #....~..~~.~.......##
##.......## #...~.~~..~.~....###.


You could see a catoblepas (poisoned).

Vanquished Creatures
  A white draconian (IceCv)
  Erica (D:9)
  Joseph (D:8)
  A cane toad (Lair:1)
  2 black mambas (Lair:1)
  2 ice statues (IceCv)
  6 rime drakes
  A gargoyle (D:7)
  A komodo dragon (Lair:1)
  A troll (D:9)
  A wyvern (D:8)
  2 acid dragons
  2 water moccasins
  6 black bears
  A sky beast (D:6)
  2 orc warriors
  An ice beast (D:5)
  3 centaurs
  An ogre (D:6)
  A necrophage (D:5)
  2 scorpions
  5 bullfrogs
  3 wights
  9 killer bees (D:8)
  An electric eel (Lair:1)
  4 howler monkeys
  6 komodo dragon simulacra (IceCv)
  5 hounds
  6 orc priests
  A gnoll bouda (D:7)
  A jelly (D:6)
  6 iguanas
  5 orc wizards
  Robin (D:3)
  3 gnolls
  5 acid dragon simulacra (IceCv)
  6 adders
  2 white imps
  10 steam dragon simulacra (IceCv)
  4 worms
  5 dart slugs
  22 orcs
  9 ball pythons
  7 endoplasms
  2 giant cockroaches
  14 goblins
  7 hobgoblins
  7 jackals (D:3)
  5 kobolds
  5 bats
  2 frilled lizards (D:2)
  8 rats
215 creatures vanquished.

Vanquished Creatures (collateral kills)
  A hound (D:6)
1 creature vanquished.

Vanquished Creatures (others)
  A fungus (Lair:1)
  6 plants (D:3)
  4 withered plants (D:4)
11 creatures vanquished.

Grand Total: 227 creatures vanquished

Notes
Turn   | Place    | Note
-------+----------+-------------------------------------------
     0 | D:1      | Shayle the Naga Reaver began the quest for the Orb.
     0 | D:1      | Reached XP level 1. HP: 19/19 MP: 3/3
   285 | D:1      | Reached XP level 2. HP: 8/27 MP: 5/5
  1149 | D:2      | Reached XP level 3. HP: 17/33 MP: 6/6
  1298 | D:2      | Reached skill level 3 in Fighting
  1686 | D:2      | Reached XP level 4. HP: 33/37 MP: 5/7
  1917 | D:3      | Noticed Robin
  2048 | D:3      | Learned a level 3 spell: Hailstorm
  2052 | D:3      | Learned a level 3 spell: Frozen Ramparts
  2165 | D:3      | Found a transporter.
  2196 | D:3      | Found a faded altar of an unknown god.
  2308 | D:3      | Found a bloodstained altar of Trog.
  2324 | D:3      | Reached skill level 1 in Shields
  2332 | D:3      | Killed Robin
  2333 | D:3      | Reached XP level 5. HP: 38/48 MP: 8/8
  2384 | D:3      | Found a basalt altar of Yredelemnul.
  2579 | D:3      | Identified the +4 ring mail of the Constellations {rElec
                  | rC+}
  2579 | D:3      | Identified the +0 buckler "Sonaty" {rElec Int+4}
  2580 | D:3      | Noticed qeuew's ghost (amateur TeHu)
  2596 | D:3      | Found a transporter.
  2719 | D:4      | Reached skill level 4 in Fighting
  2719 | D:4      | Reached skill level 1 in Ice Magic
  2874 | D:4      | Found a runed translucent gate.
  2874 | D:4      | Found a runed translucent gate.
  2876 | D:4      | Found a runed translucent gate.
  2888 | D:4      | Noticed benadryl's ghost (amateur TrFi)
  2888 | D:4      | Noticed Pooter's ghost (amateur MiBe)
  2888 | D:4      | Noticed Shayle's ghost (amateur NaRe)
  2972 | D:4      | Found an ancient bone altar of Kikubaaqudgha.
  3120 | D:4      | Found a staircase to the Ecumenical Temple.
  3130 | Temple   | Entered the Ecumenical Temple
  3224 | Temple   | Became a worshipper of Ashenzari the Shackled
  3469 | D:5      | Entered Level 5 of the Dungeon
  3486 | D:5      | Reached XP level 6. HP: 47/57 MP: 9/9
  3624 | D:5      | Found Adewnone's Armour Emporium.
  3636 | D:5      | Found a runed translucent door.
  3636 | D:5      | Noticed a black bear
  3654 | D:5      | Killed a black bear
  3918 | D:5      | Found Ynlotec's Antique Weapon Boutique.
  3920 | D:5      | Noticed MAFIAMEASN's ghost (amateur SpBr)
  4037 | D:5      | Found a runed translucent door.
  4038 | D:5      | Noticed Crazy Yiuf
  4070 | D:5      | Reached XP level 7. HP: 66/66 MP: 10/10
  4179 | D:5      | Found a shimmering blue altar of Sif Muna.
  4228 | D:5      | Found Fytyir's Magic Scroll Shoppe.
  4231 | D:5      | Bought a scroll of enchant armour for 90 gold pieces
  4283 | D:5      | Reached skill level 5 in Fighting
  4485 | D:5      | Reached XP level 8. HP: 75/75 MP: 11/11
  4908 | D:6      | Reached skill level 6 in Fighting
  5206 | D:5      | Reached skill level 5 in Ice Magic
  5402 | D:6      | Reached skill level 5 in Shields
  5495 | D:6      | Found Enguas's Lightly-Used Armoury.
  5807 | D:7      | Noticed a gargoyle
  5815 | D:6      | Reached XP level 9. HP: 85/85 MP: 12/12
  5995 | D:7      | Reached skill level 7 in Fighting
  6164 | D:7      | Killed a gargoyle
  6177 | D:7      | Noticed Prince Ribbit
  6933 | D:8      | Identified the +2 pair of gloves of the Game of Kings {rF+
                  | Will- SInv}
  6971 | D:8      | Reached skill level 8 in Fighting
  7548 | D:8      | Noticed Joseph
  7573 | D:8      | Killed Joseph
  7574 | D:8      | Reached skill level 9 in Fighting
  7574 | D:8      | Reached XP level 10. HP: 65/99 MP: 6/13
  7691 | D:8      | Found an iron altar of Okawaru.
  7821 | D:9      | Found Aquf's Antique Weapon Emporium.
  7845 | D:9      | Found Ekihum's General Store.
  7854 | D:9      | Found a staircase to the Lair.
  8052 | D:9      | Noticed Erica
  8064 | D:9      | Killed Erica
  8065 | D:9      | Reached skill level 1 in Transmutations
  8065 | D:9      | Reached skill level 1 in Poison Magic
  8220 | D:9      | Found Vylaith's Armour Boutique.
  8326 | D:9      | Noticed Erolcha
  8452 | Lair:1   | Entered Level 1 of the Lair of Beasts
  8466 | Lair:1   | Noticed a black mamba
  8475 | Lair:1   | Killed a black mamba
  8580 | Lair:1   | Found a frozen archway.
  8588 | IceCv    | Entered an ice cave
  8641 | IceCv    | Learned a level 5 spell: Arcjolt
  8834 | IceCv    | Reached skill level 1 in Air Magic
  9118 | IceCv    | Noticed an ice statue
  9118 | IceCv    | Noticed an ice statue
  9154 | IceCv    | Reached * piety under Ashenzari
  9787 | IceCv    | Killed an ice statue
 10156 | IceCv    | Killed an ice statue
 10303 | IceCv    | Reached skill level 1 in Armour
 10303 | IceCv    | Reached XP level 11. HP: 50/108 MP: 14/14
 10584 | IceCv    | Noticed a white draconian
 10587 | IceCv    | Reached skill level 10 in Fighting
 10589 | IceCv    | Killed a white draconian
 10632 | IceCv    | Identified the ring of Cujoetuz {rN+ Str+5}
 10633 | IceCv    | Found the brooch of Shielding {Spirit SH+8}
 10777 | D:9      | Identified Sif Muna's Quarto of the Dimensional Stinger
 10880 | D:5      | Bought a glowing quick blade for 486 gold pieces
 11104 | Lair:1   | Reached skill level 5 in Conjurations
 11541 | Lair:1   | Noticed a spriggan berserker
 11542 | Lair:1   | Noticed a spriggan rider
 11542 | Lair:1   | Found a bloodstained altar of Trog.
 11543 | Lair:1   | Found a transporter.
 11543 | Lair:1   | Noticed a moth of wrath
 11549 | Lair:1   | Found a transporter.
 11553 | Lair:1   | Noticed a spriggan rider
 11571 | Lair:1   | Identified the Guide on the Iceberg and Clouds
 11653 | Lair:1   | Noticed a moth of wrath
 11654 | Lair:1   | Noticed Gilleps's ghost (journeyman GrWn)
 11729 | Lair:1   | Noticed a catoblepas
 11774 | Lair:1   | HP: 1/110 [catoblepas (23)]
 11774 | Lair:1   | Killed from afar by a catoblepas

Illustrated notes

Levels and vault maps discovered:
D:1:      saegor_arrival_simple_e, layout_basic, serial_forest,
          infiniplex_forest_lined_3, infiniplex_forest_end_2,
          infiniplex_forest_end_3, infiniplex_forest_corner_1,
          infiniplex_forest_straight_2
D:2:      layout_loops_cross, minmay_box_of_dots
D:3:      layout_rooms, mainiacjoe_overflow_swirl,
          ebering_ecumenical_altar_sacrificial, gammafunk_ghost_gnarly_gnolls,
          hex_tiny, uniq_robin
D:4:      layout_cave_pools, mainiacjoe_overflow_paths, temple_hall,
          gammafunk_ghost_cemetery
D:5:      minmay_octagon_keep, layout_basic, nicolae_overflow_crystal_walls,
          ebering_ghost_sewer_d, serial_shops, nicolae_shop_overgrown_old_shop,
          shop_statue, kennysheep_mini, uniq_crazy_yiuf_cottage
D:6:      layout_rooms, minmay_shop_damaged
D:7:      layout_loops_ring, uniq_prince_ribbit1
D:8:      layout_cave_pools, mainiacjoe_overflow_tiny_flanked,
          serial_column_ruins, column_ruins_open_tiny, column_ruins_open_tiny,
          column_ruins_columns_straight, column_ruins_grid_3, minmay_between,
          uniq_joseph
D:9:      kennysheep_ambush_hall, layout_loops_cross, lair_entry_dummy,
          serial_shops, nicolae_shop_crystal, shop, nicolae_shop_waterfront,
          shop, uniq_erolcha, uniq_erica
Temple:   minmay_temple_bridge_d
Lair:1:   layout_hall_layers, portal_ice_cave_rime,
          gammafunk_ghost_wrathful_warriors, nicolae_quartered_pool_little,
          serial_bayou_shore_b, infiniplex_staircase_pool, serial_bayou_shore_a

Skill      XL: |  1  2  3  4  5  6  7  8  9 10 11 |
---------------+----------------------------------+-----
Dodging        | 2 |  2.6
Fighting       | 3 4 5 6 9 10 | 10.3
Shields        | 1 2 3 5 7 8 |  8.8
Ice Magic      | 1 3 4 5 6 |  6.5
Transmutations | 3 4 |  4.1
Poison Magic   | 3 |  3.0
Conjurations   | 4 5 |  5.3
Air Magic      | 1 3 |  3.2
Armour         | 1 2 |  2.3
Axes           | |  3.0
Spellcasting   | |  2.6

Action                   |  1- 3 |  4- 6 |  7- 9 | 10-12 || total
-------------------------+-------+-------+-------+-------++-------
Melee: Hand axe          |   108 |   225 |       |       ||   333
       Mace              |       |     4 |   354 |    44 ||   402
       Scimitar          |       |       |       |   183 ||   183
       Quick blade       |       |       |       |   126 ||   126
 Cast: Kiss of Death     |     1 |       |       |       ||     1
       Frozen Ramparts   |       |       |     9 |    11 ||    20
       Hailstorm         |       |       |     2 |     5 ||     7
Invok: Curse Item        |       |       |     1 |     1 ||     2
 Abil: Spit Poison       |    16 |    22 |     7 |     9 ||    54
Evoke: Wand              |       |       |     3 |     3 ||     6
  Use: Potion            |     5 |     1 |       |     6 ||    12
       Scroll            |       |     9 |     9 |     5 ||    23
 Stab: Sleeping          |     1 |       |       |       ||     1
Armor: Leather armour    |    15 |    83 |   149 |   170 ||   417
       Skin              |    13 |       |       |       ||    13
Dodge: Dodged            |    78 |   178 |   241 |   249 ||   746
Block: Kite shield       |       |   160 |   282 |   292 ||   734

Table legend: (Time is in decaauts)
 A = Elapsed time spent in this place.
 B = Non-inter-level travel time spent in this place.
 C = Inter-level travel time spent in this place.
 D = Time resting spent in this place.
 E = Time spent auto-exploring this place.
 F = Levels seen in this place.
 G = Mean time per level.
                   A        B        C        D        E       F      G
               +--------+--------+--------+--------+--------+-----+--------+
         Total |  14565 |  13706 |    859 |   3135 |   6713 |  12 | 1213.8 |
       Dungeon |  10860 |  10135 |    725 |   1242 |   6281 |   9 | 1206.7 |
        Temple |    230 |     99 |    131 |      0 |     86 |   1 |  230.0 |
          Lair |   1063 |   1061 |      2 |    331 |    345 |   1 | 1063.0 |
      Ice Cave |   2410 |   2410 |      0 |   1561 |      0 |   1 | 2410.0 |
               +--------+--------+--------+--------+--------+-----+--------+

Top non-repeatable levels by time:
   IceCv: 2410 daAuts
     D:5: 1735 daAuts
     D:6: 1365 daAuts
     D:1: 1340 daAuts
     D:8: 1318 daAuts
     D:2: 1275 daAuts
     D:7: 1203 daAuts
  Lair:1: 1063 daAuts
     D:3: 909 daAuts
     D:4: 902 daAuts
     D:9: 809 daAuts
  Temple: 230 daAuts
